 Dungeon Crawl Stone Soup version 0.20-a0-465-g6513c8f (webtiles) character file.

6458 TheGoonsmith the Basher (level 11, -1/60 HPs)
             Began as a Vine Stalker Berserker on Jan 12, 2017.
             Was an Elder of Trog.
             Slain by a killer bee (4 damage)
             ... on level 1 of the Lair of Beasts.
             The game lasted 00:20:26 (7492 turns).

TheGoonsmith the Basher (Vine Stalker Berserker)    Turns: 7492, Time: 00:20:27

Health: -1/60      AC: 11    Str: 22    XL:     11   Next: 0%
Magic:  0/15       EV: 11    Int:  7    God:    Trog [****..]
Gold:   403        SH: 10    Dex: 15    Spells: 10/10 levels left

rFire  . . .     SeeInvis +     K - +0 morningstar (curse)
rCold  . . .     Gourm    .     L - +3 ring mail
rNeg   . . .     Faith    .     D - +0 shield
rPois  .         Spirit   +     (no helmet)
rElec  .         Reflect  .     (no cloak)
rCorr  .         Harm     .     o - +0 pair of gloves
MR     +....                    j - +1 pair of boots
Stlth  +.........               (no amulet)
                                i - +2 ring of evasion
                                I - ring of see invisible

@: about to teleport, very slightly contaminated
A: fangs 3, regeneration 1, magic shield, antimagic bite, no potion heal 3, rot
immunity
a: Berserk, Trog's Hand, Brothers in Arms, Burn Spellbooks, Renounce Religion


You were on level 1 of the Lair of Beasts.
You worshipped Trog.
Trog was greatly pleased with you.
You were hungry.

You visited 2 branches of the dungeon, and saw 9 of its levels.
You also visited: Sewer.

You collected 617 gold pieces.
You spent 214 gold pieces at shops.

Inventory:

Hand Weapons
 K - a cursed +0 morningstar (weapon)
Missiles
 u - 4 tomahawks (quivered)
Armour
 j - a +1 pair of boots (worn)
 o - a +0 pair of gloves (worn)
 D - a +0 shield (worn)
 L - a +3 ring mail (worn)
Jewellery
 g - an uncursed ring of protection from cold
 i - a +2 ring of evasion (right hand)
 C - an uncursed ring of flight
 I - a ring of see invisible (left hand)
Wands
 k - a wand of confusion (29/48)
 t - a wand of confusion (42/48)
 H - a wand of iceblast (2/15)
 M - a wand of flame (30/48)
 P - a wand of confusion (33/48)
Scrolls
 d - 4 scrolls of remove curse
 v - 2 scrolls of magic mapping
 E - 2 scrolls of recharging
Potions
 f - a potion of curing
 h - 2 potions of brilliance
 l - a potion of berserk rage
 n - a potion of flight
 s - 2 potions of magic
 w - a potion of haste
 G - a potion of cure mutation {unknown}
 N - a potion of ambrosia {unknown}
 O - a potion of agility {unknown}
Comestibles
 a - 2 meat rations
 b - a chunk of flesh
 c - 3 bread rations
 A - 24 fruits
 F - 2 beef jerkies


   Skills:
 + Level 8.2 Fighting
 * Level 10.8 Maces & Flails
 - Level 1.5 Armour
 - Level 1.5 Dodging
 + Level 5.1 Shields
 + Level 4.8 Evocations


You had 10 spell levels left.
You didn't know any spells.

Dungeon Overview and Level Annotations

Branches:
Dungeon (8/15)             Temple (0/1) D:4            Lair (1/6) D:8

Altars:
Cheibriados
Dithmenos
Gozag
Hepliaklqana
Makhleb
Vehumet

Shops:
D:4 ?   D:8 :


Innate Abilities, Weirdness & Mutations

You have razor-sharp teeth.
Your natural rate of healing is unusually fast.
When hurt, damage is shared between your health and your magic reserves.
Your bite disrupts and absorbs the magic of your enemies.
Potions cannot restore your health.
You are immune to rotting.


Message History

You sock the killer bee! You bite the killer bee. You drain its power.
You feel invigorated.
The killer bee is heavily wounded.
You feel sick. You block the killer bee's attack. The killer bee stings you.
* * * LOW HITPOINT WARNING * * *
The killer bee stings the plant!
You block the killer bee's attack.
The killer bee stings you but does no damage.
The killer bee closely misses you. You block the killer bee's attack.
The killer bee stings you but does no damage.
The killer bee stings the plant but does no damage.
The killer bee stings you.
* * * LOW HITPOINT WARNING * * *
You are more poisoned.
The killer bee poisons you! The killer bee barely misses you. x2
You block the killer bee's attack.
Your system rejects the healing.
You feel better. You block the killer bee's attack.
The killer bee stings you but does no damage.
The killer bee stings the plant.
The killer bee stings you.
You die...

..........>............#
.......................#
.......................#
....................#
.......>............#
♣..............######.##.#
..............# ####.# .♣ ♣
..........yy.# ######..##
..♣.#.#..###.y@yy###...###..#
♣.♣.y#........Pyy.......###.##
....yyyy.......y..#.P...##...#
.....#†.†.....#...###...##...#
......#†y......+....##.......##
......#.y###+.#....###...###.#
........yy.........####### #.##
....................# ### #..#
...................####.####.##


You could see 8 killer bees.

Vanquished Creatures
  A two-headed ogre (D:8)
  2 death yaks (D:8)
  A spiny frog (Lair:1)
  Grinder (D:3)
  A hungry ghost (D:7)
  A porcupine (D:7)
  An orc warrior (D:8)
  2 ice beasts (D:8)
  2 sky beasts
  3 phantoms
  A black bear (D:7)
  3 ogres
  A necrophage (D:7)
  2 crocodiles (Lair:1)
  2 big kobolds (D:8)
  6 bullfrogs
  5 scorpions
  The ghost of bombasticus the Slasher, a weakling MiBe of Trog (D:4)
  8 killer bees
  5 wights
  2 howler monkeys
  2 centaur zombies
  3 crimson imps (D:6)
  3 hounds
  A jelly (D:8)
  3 orc priests
  A centaur skeleton (D:8)
  2 orc wizards
  An iguana (D:8)
  A bullfrog skeleton (D:5)
  A hell rat (D:8)
  5 worker ants
  A killer bee zombie (D:7)
  A hound zombie (D:5)
  A hound skeleton (D:5)
  A worker ant zombie (D:8)
  A howler monkey skeleton (D:8)
  4 adders
  7 gnolls
  3 river rats
  2 shadow imps
  A white imp (D:6)
  2 oozes
  An adder skeleton (D:4)
  5 worms
  3 dart slugs
  11 leopard geckos
  16 orcs
  5 ball pythons
  8 giant cockroaches
  6 goblins
  5 hobgoblins
  5 jackals
  3 quokkas
  6 bats
  9 frilled lizards
  A jackal skeleton (D:3)
  12 kobolds
  2 leopard gecko skeletons
  A quokka skeleton (D:6)
  11 rats
208 creatures vanquished.

Vanquished Creatures (collateral kills)
  A death yak (D:8)
  A killer bee (Lair:1)
2 creatures vanquished.

Grand Total: 210 creatures vanquished

Notes
Turn   | Place    | Note
-------+----------+-------------------------------------------
     0 | D:1      | TheGoonsmith the Vine Stalker Berserker began the quest for the Orb.
     0 | D:1      | Reached XP level 1. HP: 11/11 MP: 2/2
   250 | D:1      | Reached skill level 3 in Maces & Flails
   328 | D:1      | Reached XP level 2. HP: 11/16 MP: 3/3
  1109 | D:2      | Reached XP level 3. HP: 20/20 MP: 4/4
  1427 | D:2      | Reached ** piety under Trog
  1871 | D:2      | Reached skill level 4 in Maces & Flails
  1871 | D:2      | Gained mutation: Your natural rate of healing is unusually fast. [Vine Stalker growth]
  1871 | D:2      | Reached XP level 4. HP: 14/24 MP: 3/5
  2105 | D:3      | Reached XP level 5. HP: 23/28 MP: 4/6
  2250 | D:3      | Noticed Grinder
  2268 | D:3      | Killed Grinder
  2268 | D:3      | Reached skill level 5 in Maces & Flails
  2268 | D:3      | Reached XP level 6. HP: 12/33 MP: 0/7
  2608 | D:4      | Found Jiskugoh's Magic Scroll Shoppe.
  2624 | D:4      | Found a staircase to the Ecumenical Temple.
  2839 | D:4      | Found a glowing drain.
  2843 | Sewer    | Entered a sewer
  2944 | Sewer    | Reached *** piety under Trog
  3058 | Sewer    | Reached skill level 6 in Maces & Flails
  3058 | Sewer    | Reached XP level 7. HP: 33/38 MP: 6/8
  3213 | D:4      | Noticed bombasticus's ghost (weakling MiBe)
  3221 | D:4      | Killed bombasticus's ghost
  3380 | D:4      | Bought a scroll of magic mapping for 45 gold pieces
  3380 | D:4      | Bought a scroll of teleportation for 39 gold pieces
  3380 | D:4      | Bought a scroll of identify for 26 gold pieces
  3380 | D:4      | Bought 2 scrolls of identify for 52 gold pieces
  3380 | D:4      | Bought a scroll of identify for 26 gold pieces
  3380 | D:4      | Bought a scroll of identify for 26 gold pieces
  3431 | D:4      | Reached skill level 5 in Fighting
  3768 | D:5      | Entered Level 5 of the Dungeon
  3896 | D:5      | Reached skill level 7 in Maces & Flails
  3896 | D:5      | Gained mutation: You have razor-sharp teeth. [Vine Stalker growth]
  3896 | D:5      | Reached XP level 8. HP: 43/43 MP: 9/9
  4196 | D:5      | Found a radiant altar of Vehumet.
  4284 | D:5      | Reached **** piety under Trog
  4298 | D:5      | Found a burning altar of Makhleb.
  4298 | D:5      | Noticed a green death
  4517 | D:6      | Reached skill level 8 in Maces & Flails
  4731 | D:6      | Found a snail-covered altar of Cheibriados.
  4733 | D:6      | Found a hazy altar of Hepliaklqana.
  4734 | D:6      | Found an opulent altar of Gozag.
  4786 | D:6      | Reached skill level 1 in Shields
  5385 | D:7      | Reached XP level 9. HP: 47/49 MP: 10/10
  5420 | D:7      | Reached skill level 1 in Evocations
  5432 | D:7      | You fall through a shaft!
  5858 | D:8      | Reached skill level 9 in Maces & Flails
  5864 | D:8      | Noticed a death yak
  5864 | D:8      | Noticed a death yak
  5868 | D:8      | Noticed a death yak
  6034 | D:8      | Killed a death yak
  6210 | D:8      | Reached XP level 10. HP: 55/55 MP: 13/13
  6354 | D:8      | Killed a death yak
  6356 | D:8      | Killed a death yak
  6356 | D:8      | Reached skill level 10 in Maces & Flails
  6600 | D:8      | Found a staircase to the Lair.
  6654 | D:8      | Noticed a two-headed ogre
  6664 | D:8      | Killed a two-headed ogre
  6956 | D:8      | Found Xacli's Book Shoppe.
  7184 | D:8      | Found a shadowy altar of Dithmenos.
  7211 | Lair:1   | Entered Level 1 of the Lair of Beasts
  7414 | Lair:1   | Noticed a spiny frog
  7424 | Lair:1   | Killed a spiny frog
  7424 | Lair:1   | Reached skill level 5 in Shields
  7440 | Lair:1   | HP: 2/56 [killer bee (1)]
  7477 | Lair:1   | Reached XP level 11. HP: 28/60 MP: 11/15
  7491 | Lair:1   | HP: 2/60 [killer bee (3)]
  7492 | Lair:1   | Slain by a killer bee

Vault maps used:
D:1:      scummos_arrival_simple_crosswalls
D:2:      minmay_distorted
D:3:      first_bread, uniq_grinder
D:4:      gup_sewer_entry_spiral, serial_shops, kennysheep_mini_moat,
          minmay_stone_trees_medium
D:5:      old_standard_altar, dk_noncrumbling_4, makhleb_altar_promises_db
D:6:      minitemple, serial_corexii_hall, corexii_hall_statues_x,
          corexii_hall_statues_x, corexii_hall_statues_x,
          corexii_hall_statues_i, minmay_fire_ice_demons
D:8:      lemuel_coloured_pillars_altar, dpeg_lair_monsters, serial_shops,
          shop_fountains, blue_anna_alchemist
Lair:1:   wad_woods_minihive, st_stairs_5, columned_hall_lemuel
Sewer:    sewer_frog_island_01

Skill      XL: |  1  2  3  4  5  6  7  8  9 10 |
---------------+-------------------------------+-----
Maces & Flails | 3 4 5 6 7 8 9 10 | 10.8
Fighting       | 3 4 5 6 7 8 |  8.2
Shields        | 1 3 5 |  5.1
Evocations     | 3 4 |  4.8
Armour         | |  1.5
Dodging        | |  1.5

Action                   |  1- 3 |  4- 6 |  7- 9 | 10-12 || total
-------------------------+-------+-------+-------+-------++-------
Melee: Mace              |    73 |    15 |       |       ||    88
       Bite              |    16 |    32 |    96 |    57 ||   201
       Flail             |       |   122 |   276 |       ||   398
       Morningstar       |       |       |    11 |   153 ||   164
Invok: Berserk           |     2 |     3 |    11 |     5 ||    21
       Trog's Hand       |       |     1 |     1 |     4 ||     6
       Brothers in Arms  |       |       |       |     3 ||     3
Evoke: Wand              |       |       |     2 |     3 ||     5
  Use: Scroll            |       |       |    15 |    10 ||    25
       Potion            |       |       |       |     6 ||     6
 Stab: Sleeping          |       |     1 |       |       ||     1
  Eat: Chunk             |     4 |     8 |    16 |     7 ||    35
       Meat ration       |       |       |     1 |       ||     1
       Fruit             |       |       |       |     5 ||     5
Armor: Animal skin       |    11 |    22 |       |       ||    33
       Ring mail         |       |    20 |    36 |    63 ||   119
       Scale mail        |       |       |    31 |       ||    31
       Chain mail        |       |       |    32 |    54 ||    86
Dodge: Dodged            |    36 |    88 |   137 |   130 ||   391
Block: Shield            |       |       |    48 |   150 ||   198
